 Dungeon Crawl Stone Soup version 0.19-a0-944-gb338e1e (webtiles) character file.

202 Implojin the Chopper (level 5, -1/45 HPs)
             Began as a Minotaur Fighter on July 9, 2016.
             Slain by an orc warrior
             ... wielding a +0 glaive
              (21 damage)
             ... on level 6 of the Dungeon.
             The game lasted 00:01:43 (338 turns).

Implojin the Chopper (Minotaur Fighter)              Turns: 338, Time: 00:01:43

Health: -1/45      AC:  8    Str: 21    XL:     5   Next: 50%
Magic:  4/4        EV:  2    Int:  5    God:
Gold:   29         SH:  9    Dex: 10    Spells: 0 memorised, 4 levels left

rFire  . . .     SeeInvis .     a - +0 war axe
rCold  . . .     Gourm    .     b - +0 scale mail
rNeg   . . .     Faith    .     c - +0 shield
rPois  .         Spirit   .     (helmet restricted)
rElec  .         Dismiss  .     i - +0 cloak
rCorr  .         Reflect  .     (no gloves)
SustAt .         Harm     .     (no boots)
MR     .....                    (no amulet)
Stlth  ..........               (no ring)
                                (no ring)

@: not resistant to hostile enchantments, extremely unstealthy
A: retaliatory headbutt, horns 2
a: no special abilities


You were on level 6 of the Dungeon.
You were not hungry.

You visited 1 branch of the dungeon, and saw 6 of its levels.

You collected 29 gold pieces.

Inventory:

Hand Weapons
 a - a +0 war axe (weapon)
Missiles
 e - 2 tomahawks (quivered)
Armour
 b - a +0 scale mail (worn)
 c - a +0 shield (worn)
 i - a +0 cloak (worn)
Jewellery
 m - an uncursed ring of resist corrosion {unknown}
Scrolls
 g - a scroll of identify {unknown}
 h - a scroll of immolation {unknown}
 n - a scroll of amnesia {unknown}
Potions
 d - 2 potions of might
 k - a potion of agility {unknown}
 l - 2 potions of curing {unknown}
 o - a potion of cure mutation {unknown}
Comestibles
 f - 2 bread rations
 j - a slice of pizza


   Skills:
 - Level 3.6 Fighting
 * Level 7.0 Axes
 - Level 3.6 Armour
 - Level 3.6 Shields


You had 4 spell levels left.
You didn't know any spells.

Dungeon Overview and Level Annotations

Branches:
Dungeon (6/15)
 Temple: D:4-7

Altars:


Innate Abilities, Weirdness & Mutations

You reflexively headbutt those who attack you in melee.
You have a pair of horns on your head.


Message History

o - a sedimented red potion
Found a stone staircase leading down.
You now have 29 gold pieces (gained 6).
A killer bee zombie comes into view.
There is a stone staircase leading down here.
You miss the killer bee zombie.
Your headbutt misses the killer bee zombie.
The killer bee zombie hits you but does no damage.
The killer bee zombie completely misses you.
The killer bee zombie hits you but does no damage.
You slash the killer bee zombie!
The killer bee zombie closely misses you.
You furiously retaliate!
You headbutt the killer bee zombie.
You block the killer bee zombie's attack.
You slash the killer bee zombie!
You destroy the killer bee zombie!
Your Axes skill increases to level 7!
You climb downwards.
There is a stone staircase leading up here.
Unknown command.
You open the door.
A giant frog, 3 orcs and a skeleton come into view.
An orc priest is wielding a falchion of electrocution.
An orc is wielding a dagger of venom.
The orc warrior shouts!
The orc priest shouts!
The orc shouts!
Found a meat ration.
The orc priest invokes the aid of Beogh against you.
Beogh smites you!
There is an open door here.
Okay, then.
The orc priest mumbles some strange prayers to Beogh against you.
Beogh smites you!
* * * LOW HITPOINT WARNING * * *
You block the giant frog's attack. The giant frog hits you.
* * * LOW HITPOINT WARNING * * *
There is a stone staircase leading up here.
Unknown command.
The giant frog barely misses you.
The orc warrior hits you from afar with a glaive!!
You die...

#Z......#
#.....#
#...# #o#
#Z# #o#
##o##
##.F.##
#..@..#
##...#.#
##.##.#
... # ###


You could see an orc warrior, a giant frog, an orc priest, an orc and an adder
skeleton.

Vanquished Creatures
  A necrophage (D:3)
  A hound (D:4)
  A worker ant (D:5)
  A killer bee zombie (D:5)
  A hound skeleton (D:5)
  An adder (D:4)
  A worm (D:3)
  3 orcs (D:5)
  2 giant cockroaches
  3 hobgoblins
  2 quokkas
17 creatures vanquished.

Notes
Turn   | Place    | Note
-------+----------+-------------------------------------------
     0 | D:1      | Implojin the Minotaur Fighter began the quest for the Orb.
     0 | D:1      | Reached XP level 1. HP: 19/19 MP: 0/0
   152 | D:3      | Noticed a necrophage
   161 | D:3      | Killed a necrophage
   161 | D:3      | Reached skill level 5 in Axes
   161 | D:3      | Reached XP level 2. HP: 17/26 MP: 1/1
   161 | D:3      | Reached XP level 3. HP: 20/31 MP: 2/2
   161 | D:3      | Reached XP level 4. HP: 26/39 MP: 3/3
   183 | D:4      | Reached skill level 6 in Axes
   183 | D:4      | Reached XP level 5. HP: 27/45 MP: 4/4
   257 | D:5      | Entered Level 5 of the Dungeon
   324 | D:5      | Reached skill level 7 in Axes
   331 | D:6      | Noticed an orc warrior
   338 | D:6      | Slain by an orc warrior

Vault maps used:
D:1:      matt_arrival_refuge
D:2:      minmay_pentomino_t2
D:3:      minmay_goblin_kobold_castle, minmay_statues_item
D:4:      vehumet_altar_wand_db, uniq_robin, uniq_purgy, uniq_duvessa
D:5:      minitemple, first_bread

Skill      XL: |  1  2  3  4  5 |
---------------+----------------+-----
Axes           | 5 6 7 |  7.0
Fighting       | |  3.6
Armour         | |  3.6
Shields        | |  3.6

Action                   |  1- 3 |  4- 6 || total
-------------------------+-------+-------++-------
Melee: War axe           |    11 |    32 ||    43
       Headbutt          |       |     8 ||     8
Armor: Scale mail        |    14 |    19 ||    33
Dodge: Dodged            |     5 |    11 ||    16
Block: Shield            |     8 |    21 ||    29

Table legend:
 A = Turns spent in this place as a percentage of turns spent in the entire game.
 B = Non-inter-level travel turns spent in this place as a percentage of non-inter-level travel turns spent in the entire game.
 C = Inter-level travel turns spent in this place as a percentage of turns spent in this place.
 D = Turns resting spent in this place as a percentage of non-inter-level travel turns spent in this place.
 E = Turns spent auto-exploring this place as a percentage of non-inter-level travel turns spent in this place.
 F = Non-inter-level travel turns spent in this place divided by the number of levels of this place that you've seen.
                   A       B       C       D       E      F
               +-------+-------+-------+-------+-------+----------------------
         Total | 100.0 | 100.0 |   0.0 |   0.0 |   0.0 |  56.5
       Dungeon | 100.0 | 100.0 |   0.0 |   0.0 |   0.0 |  56.5
               +-------+-------+-------+-------+-------+----------------------

Table legend:
 A = Kills in this place as a percentage of kills in entire the game.
 B = Kills by you in this place as a percentage of kills by you in the entire game.
 C = Kills by friends in this place as a percentage of kills by friends in the entire game.
 D = Other kills in this place as a percentage of other kills in the entire game.
 E = Experience gained in this place as a percentage of experience gained in the entire game.
 F = Experience gained in this place divided by the number of levels of this place that you have seen.
                   A       B       C       D       E      F
               +-------+-------+-------+-------+-------+----------------------
         Total | 100.0 | 100.0 |  -nan |  -nan | 100.0 |  48.2
       Dungeon | 100.0 | 100.0 |  -nan |  -nan | 100.0 |  48.2
               +-------+-------+-------+-------+-------+----------------------
